[Event "XLII San Sebastian Open 2019"]
[Site "San Sebastian"]
[Date "2019.04.13"]
[Round "1.1"]
[White "Svyatoslav, Vorobyev"]
[Black "Vazquez Igarza, Renier"]
[Result "0-1"]
[ECO "D02"]
[WhiteElo "1835"]
[BlackElo "2548"]
[Annotator "RC"]
[PlyCount "44"]
[EventDate "2019.04.13"]
[EventType "swiss"]
[EventCountry "ESP"]
[SourceTitle "playchess.com"]
[Source "ChessBase"]
[SourceQuality "1"]
[TimeControl "5400+30"]

1. Nf3 Nf6 2. g3 g6 3. Bg2 Bg7 4. O-O O-O 5. d4 d5 6. Ne5 c5 7. c3 Nc6 8. h3 Qb6 9. dxc5 Qxc5 10. Be3 Qd6 11. Nd3 Rd8 12. Na3 e5 13. Nb5 Qb8 14. a4 Ne4 15. Nb4 Be6 16. Qd3 a6 17. Nxc6 bxc6 18. Na7 Qb7 19. b4 c5 20. bxc5 Qxa7 21. Rab1 Nxc5 22. Qd2 Qc7 0-1

[Event "XLII San Sebastian Open 2019"]
[Site "San Sebastian"]
[Date "2019.04.13"]
[Round "1.2"]
[White "Pulvett Marin, Daniel Eduardo"]
[Black "Sanchez Merino, Christian"]
[Result "1-0"]
[ECO "E91"]
[WhiteElo "2468"]
[BlackElo "1832"]
[Annotator "RC"]
[PlyCount "93"]
[EventDate "2019.04.13"]
[EventType "swiss"]
[EventCountry "ESP"]
[SourceTitle "playchess.com"]
[Source "ChessBase"]
[SourceQuality "1"]
[TimeControl "5400+30"]

1. d4 g6 2. c4 Bg7 3. e4 d6 4. Nc3 Nf6 5. Nf3 O-O 6. Be2 Nc6 7. d5 Nb8 8. O-O e5 9. Bg5 h6 10. Bh4 g5 11. Bg3 Nh7 12. Nd2 Nd7 13. b4 Ndf6 14. c5 Nxe4 15. Ndxe4 f5 16. Rc1 fxe4 17. Nxe4 Nf6 18. Nxf6+ Qxf6 19. cxd6 cxd6 20. Bh5 Bf5 21. h3 Rac8 22. Qa4 a6 23. Qa5 Qe7 24. Qb6 Qd7 25. Kh2 Rfd8 26. a4 Bf6 27. Rfe1 Be7 28. f3 Rxc1 29. Rxc1 Rc8 30. Rxc8+ Qxc8 31. b5 axb5 32. axb5 Kg7 33. Bf2 Kf6 34. f4 Kg7 35. fxe5 dxe5 36. d6 Bd8 37. Qe3 Qe6 38. Bg3 e4 39. Qc3+ Kh7 40. Bd1 Qd5 41. Be2 Qe6 42. Bc4 Qe8 43. Qd4 Kg6 44. Be5 Kh7 45. Qd5 e3 46. Qxb7+ Qd7 47. Qd5 1-0

[Event "XLII San Sebastian Open 2019"]
[Site "San Sebastian"]
[Date "2019.04.14"]
[Round "2.10"]
[White "Lopez Mijail, Nicolas"]
[Black "Prieto Aranguren, Alain"]
[Result "0-1"]
[ECO "B19"]
[WhiteElo "1980"]
[BlackElo "2257"]
[Annotator "RC"]
[PlyCount "82"]
[EventDate "2019.04.13"]
[EventType "swiss"]
[EventCountry "ESP"]
[SourceTitle "playchess.com"]
[Source "ChessBase"]
[SourceQuality "1"]
[TimeControl "5400+30"]

1. e4 c6 2. d4 d5 3. Nd2 dxe4 4. Nxe4 Bf5 5. Ng3 Bg6 6. h4 h6 7. Nf3 Nd7 8. h5 Bh7 9. Bd3 Bxd3 10. Qxd3 Ngf6 11. Bd2 e6 12. O-O-O Be7 13. Kb1 Qb6 14. c4 Rd8 15. Ne4 O-O 16. Rhg1 c5 17. d5 Nxe4 18. Qxe4 Nf6 19. Qe1 Qd6 20. dxe6 Nxh5 21. exf7+ Rxf7 22. Be3 Qc7 23. Rxd8+ Bxd8 24. Qe2 Nf4 25. Qd2 Be7 26. g3 Nh3 27. Rh1 Qc6 28. Rxh3 Qxf3 29. Qc2 b6 30. a3 Bf6 31. Qg6 Qe2 32. Bc1 Bxb2 33. Rxh6 Bxc1 34. Qh7+ Kf8 35. Qh8+ Ke7 36. Re6+ Qxe6 37. Qh4+ Kd7 38. Qd4+ cxd4 39. c5 Rxf2 40. c6+ Kxc6 41. g4 Qe1 0-1

[Event "XLII San Sebastian Open 2019"]
[Site "San Sebastian"]
[Date "2019.04.14"]
[Round "3.4"]
[White "Cifuentes Parada, Roberto"]
[Black "Randazzo, Adrian"]
[Result "1-0"]
[ECO "A32"]
[WhiteElo "2445"]
[BlackElo "2248"]
[Annotator "RC"]
[PlyCount "139"]
[EventDate "2019.04.13"]
[EventType "swiss"]
[EventCountry "ESP"]
[SourceTitle "playchess.com"]
[Source "ChessBase"]
[SourceQuality "1"]
[TimeControl "5400+30"]

1. d4 e6 2. Nf3 c5 3. c4 cxd4 4. Nxd4 Nf6 5. g3 d5 6. Bg2 Bb4+ 7. Bd2 Bxd2+ 8. Qxd2 O-O 9. cxd5 Nxd5 10. O-O Nc6 11. Nxc6 bxc6 12. Rc1 Qb6 13. Nc3 Ba6 14. Ne4 Rfd8 15. Nc5 Nb4 16. Qe1 Bc8 17. a3 Nd5 18. e4 Ne7 19. Qc3 a5 20. Rd1 Ba6 21. Bf3 Ng6 22. h4 Nf8 23. h5 h6 24. e5 Rab8 25. b3 Bb5 26. Kg2 Ra8 27. a4 Ba6 28. Nxa6 Rxa6 29. Rxd8 Qxd8 30. Rd1 Qc7 31. Rd6 g6 32. Qd2 Kg7 33. Qf4 Qe7 34. Bxc6 gxh5 35. Bb5 Ra7 36. Qd4 h4 37. gxh4 Ng6 38. Kg3 Rc7 39. Bc4 h5 40. f3 Kh6 41. Bd3 Rb7 42. Qe3+ Kg7 43. Bxg6 fxg6 44. Ra6 g5 45. hxg5 Kg6 46. Qe4+ Kxg5 47. Qh4+ Kf5 48. Qxe7 Rxe7 49. Rxa5 Rg7+ 50. Kh4 Rg1 51. Rb5 Rh1+ 52. Kg3 h4+ 53. Kg2 Rb1 54. a5 Ra1 55. Rc5 Kf4 56. Rc4+ Kxe5 57. Ra4 h3+ 58. Kxh3 Rh1+ 59. Kg3 Rh7 60. a6 Ra7 61. Kf2 Kd5 62. Ke3 Ke5 63. Ra5+ Kd6 64. Ke4 e5 65. b4 Ra8 66. a7 Kc6 67. Kxe5 Kb7 68. f4 Re8+ 69. Kd6 Ka8 70. f5 1-0

[Event "XLII San Sebastian Open 2019"]
[Site "San Sebastian"]
[Date "2019.04.14"]
[Round "3.12"]
[White "Berdote Alonso, Carlos"]
[Black "Troffiguer, Olivier"]
[Result "0-1"]
[ECO "E10"]
[WhiteElo "1879"]
[BlackElo "2081"]
[Annotator "NA RC"]
[PlyCount "96"]
[EventDate "2019.04.13"]
[EventType "swiss"]
[EventCountry "ESP"]
[SourceTitle "playchess.com"]
[Source "ChessBase"]
[SourceQuality "1"]
[TimeControl "5400+30"]

1. d4 Nf6 2. c4 e6 3. Nf3 d5 4. Bf4 Bb4+ 5. Nc3 O-O 6. e3 c5 7. Qc2 Qa5 8. dxc5 Ne4 9. Rc1 Bxc3+ 10. bxc3 Qxc5 11. Bd3 f5 12. O-O Nc6 13. cxd5 exd5 14. Nd4 Nxd4 15. cxd4 Qxc2 16. Rxc2 Be6 17. Rc7 Rf7 18. Rfc1 Rxc7 19. Rxc7 Rc8 20. Rxc8+ Bxc8 21. Bxe4 fxe4 22. Kf1 Kf7 23. Ke1 Ke8 24. Kd2 Kd7 25. Kc3 Kc6 26. Bb8 a5 27. Be5 g6 28. Bf6 b6 29. Bd8 Kb5 30. Bc7 Bd7 31. Bd8 Ka6 32. Be7 Bb5 33. a3 Bf1 34. g3 Kb5 35. Bd8 Bc4 36. Bc7 Kc6 37. Bd8 Kb7 38. Be7 Kc7 39. Bf6 Kd7 40. Be5 b5 41. Bf6 Ke6 42. Bd8 Kf5 43. Bxa5 Kg4 44. Kd2 Kh3 45. Bc7 Kxh2 46. g4+ Kg2 47. Ke1 h5 48. Bg3 Kh3 0-1

[Event "XLII San Sebastian Open 2019"]
[Site "San Sebastian"]
[Date "2019.04.15"]
[Round "4.12"]
[White "Gomez Calvo, Jose Ricardo"]
[Black "Pastor Alonso De Prado, Alberto"]
[Result "0-1"]
[ECO "A13"]
[WhiteElo "1897"]
[BlackElo "2090"]
[Annotator "NA RC"]
[PlyCount "44"]
[EventDate "2019.04.13"]
[EventType "swiss"]
[EventCountry "ESP"]
[SourceTitle "playchess.com"]
[Source "ChessBase"]
[SourceQuality "1"]
[TimeControl "5400+30"]

1. c4 e6 2. Nc3 d5 3. e3 Nf6 4. Nf3 Be7 5. Be2 O-O 6. O-O c5 7. cxd5 Nxd5 8. d4 Nc6 9. a3 b6 10. Qa4 Bb7 11. Rd1 cxd4 12. exd4 a6 13. Nxd5 Qxd5 14. Be3 b5 15. Qc2 Rac8 16. Qd2 Rfd8 17. Ne1 Bf6 18. Bf3 Qd7 19. Rac1 Nxd4 20. Bxd4 Rxc1 21. Qxc1 Bxf3 22. Nxf3 e5 0-1

[Event "XLII San Sebastian Open 2019"]
[Site "San Sebastian"]
[Date "2019.04.16"]
[Round "5.1"]
[White "Pulvett Marin, Daniel Eduardo"]
[Black "Vazquez Igarza, Renier"]
[Result "0-1"]
[ECO "A05"]
[WhiteElo "2468"]
[BlackElo "2548"]
[Annotator "RC"]
[PlyCount "78"]
[EventDate "2019.04.13"]
[EventType "swiss"]
[EventCountry "ESP"]
[SourceTitle "playchess.com"]
[Source "ChessBase"]
[SourceQuality "1"]
[TimeControl "5400+30"]

1. Nf3 Nf6 2. c4 c5 3. b3 g6 4. Bb2 Bg7 5. g3 d6 6. Bg2 e5 7. O-O Nc6 8. Nc3 O-O 9. d3 Ne8 10. e4 Nc7 11. Nd5 Rb8 12. Nd2 Nxd5 13. cxd5 Nd4 14. Kh1 h5 15. Bxd4 cxd4 16. b4 Bh6 17. Nc4 b5 18. Na5 Bd7 19. f4 h4 20. Qe1 hxg3 21. fxe5 dxe5 22. Qxg3 Qe7 23. Bh3 Bf4 24. Rxf4 exf4 25. Qxf4 Bxh3 26. Nc6 Qe8 27. Rg1 Rb6 28. Nxd4 Kg7 29. e5 Qa8 30. Qf3 Rh8 31. Nc6 Rxc6 32. dxc6 Qd8 33. Rc1 Be6 34. Rc5 Qd4 35. c7 Qa1+ 36. Kg2 Qxa2+ 37. Kf1 Qb1+ 38. Kg2 Qb2+ 39. Kf1 Bh3+ 0-1

[Event "XLII San Sebastian Open 2019"]
[Site "San Sebastian"]
[Date "2019.04.16"]
[Round "5.4"]
[White "Russell, Christopher"]
[Black "Suarez Garcia, Carlos"]
[Result "1-0"]
[ECO "C11"]
[WhiteElo "2178"]
[BlackElo "2424"]
[Annotator "RC"]
[PlyCount "97"]
[EventDate "2019.04.13"]
[EventType "swiss"]
[EventCountry "ESP"]
[SourceTitle "playchess.com"]
[Source "ChessBase"]
[SourceQuality "1"]
[TimeControl "5400+30"]

1. e4 e6 2. d4 d5 3. Nc3 Nf6 4. e5 Nfd7 5. f4 c5 6. Nf3 Nc6 7. Be3 Be7 8. Qd2 O-O 9. Be2 b6 10. O-O f5 11. Nd1 cxd4 12. Nxd4 Nxd4 13. Bxd4 Nc5 14. Nf2 a5 15. c4 Ba6 16. cxd5 Bxe2 17. Qxe2 Qxd5 18. Rfd1 Rfd8 19. Be3 Qc6 20. Rac1 Qa4 21. b3 Qa3 22. Rc4 Rxd1+ 23. Nxd1 Rd8 24. Nc3 Nd3 25. Bxb6 Qc1+ 26. Qf1 Qxf1+ 27. Kxf1 Ra8 28. Ke2 Nb4 29. Bc5 Bxc5 30. Rxc5 Rd8 31. g3 Nd3 32. Rxa5 Nc1+ 33. Ke1 Nd3+ 34. Kf1 Rc8 35. Ne2 Rc2 36. Nd4 Rf2+ 37. Kg1 Rd2 38. Nxe6 Kf7 39. Ng5+ Kg6 40. e6 Re2 41. Nf3 Kf6 42. Rd5 Re3 43. Nd4 Kg6 44. Rxf5 Re4 45. Rd5 Nc1 46. Re5 Rxe5 47. fxe5 Nxa2 48. Kf2 Nb4 49. Ke3 1-0

[Event "XLII San Sebastian Open 2019"]
[Site "San Sebastian"]
[Date "2019.04.16"]
[Round "5.5"]
[White "Pastor Alonso De Prado, Alberto"]
[Black "Del Rio De Angelis, Salvador G."]
[Result "0-1"]
[ECO "C02"]
[WhiteElo "2090"]
[BlackElo "2457"]
[Annotator "ChessBase"]
[PlyCount "38"]
[EventDate "2019.04.13"]
[EventType "swiss"]
[EventCountry "ESP"]
[SourceTitle "playchess.com"]
[Source "ChessBase"]
[SourceQuality "1"]
[TimeControl "5400+30"]

1. e4 e6 2. d4 d5 3. e5 c5 4. c3 Nc6 5. Nf3 Bd7 6. Be2 Nge7 7. dxc5 Ng6 8. b4 a5 9. b5 Ncxe5 10. Nxe5 Nxe5 11. f4 Nc4 12. Bxc4 dxc4 13. Be3 Bxb5 14. Na3 Qxd1+ 15. Rxd1 Ba6 16. Rb1 Rc8 17. Nb5 Bxc5 18. Bxc5 Rxc5 19. Nd6+ Ke7 0-1

[Event "XLII San Sebastian Open 2019"]
[Site "San Sebastian"]
[Date "2019.04.16"]
[Round "5.7"]
[White "Perez Gonzalez, Jose Manuel"]
[Black "De La Esperanza Martin, Alberto"]
[Result "1-0"]
[ECO "C55"]
[WhiteElo "2231"]
[BlackElo "2069"]
[Annotator "ChessBase"]
[PlyCount "105"]
[EventDate "2019.04.13"]
[EventType "swiss"]
[EventCountry "ESP"]
[SourceTitle "playchess.com"]
[Source "ChessBase"]
[SourceQuality "1"]
[TimeControl "5400+30"]

1. e4 e5 2. Nf3 Nc6 3. Bc4 Bc5 4. O-O Nf6 5. d4 exd4 6. e5 d5 7. exf6 dxc4 8. Re1+ Be6 9. Ng5 Qd5 10. Nc3 Qf5 11. Nce4 Bf8 12. Nxf7 Kxf7 13. Ng5+ Kg8 14. Nxe6 gxf6 15. Nxd4 Nxd4 16. Qxd4 Bc5 17. Qxc4+ Kg7 18. Be3 Bd6 19. Rad1 Rad8 20. g3 Rhe8 21. Rd5 Qf3 22. Qd3 Kh8 23. Qf5 Qxf5 24. Rxf5 Be5 25. c3 Kg7 26. Rf3 b6 27. Kf1 a5 28. Bf4 Bxf4 29. Rxe8 Rxe8 30. Rxf4 h5 31. f3 Kg6 32. Re4 Rd8 33. Ke2 Rd7 34. h4 Kf5 35. a4 Rg7 36. Kf2 Rd7 37. Rd4 Re7 38. Rd5+ Kg6 39. b4 axb4 40. cxb4 Re6 41. a5 bxa5 42. bxa5 Rc6 43. Rd2 Ra6 44. Ra2 Kf5 45. Ke3 Ke5 46. g4 hxg4 47. fxg4 f5 48. g5 c5 49. h5 f4+ 50. Kf3 Kf5 51. g6 Ra8 52. g7 Kg5 53. Ke4 1-0

[Event "XLII San Sebastian Open 2019"]
[Site "San Sebastian"]
[Date "2019.04.16"]
[Round "5.8"]
[White "Manelidou, Maria"]
[Black "Safranska, Anda"]
[Result "0-1"]
[ECO "B00"]
[WhiteElo "2072"]
[BlackElo "2167"]
[Annotator "ChessBase"]
[PlyCount "98"]
[EventDate "2019.04.13"]
[EventType "swiss"]
[EventCountry "ESP"]
[SourceTitle "playchess.com"]
[Source "ChessBase"]
[SourceQuality "1"]
[TimeControl "5400+30"]

1. e4 Nc6 2. d4 d5 3. e5 Bf5 4. c3 e6 5. Bd3 Nge7 6. Ne2 f6 7. exf6 gxf6 8. Bxf5 Nxf5 9. Ng3 Nd6 10. Qh5+ Kd7 11. O-O Qe7 12. Bf4 Rd8 13. Nd2 Kc8 14. Rfe1 Qd7 15. Re2 Re8 16. Rae1 Nd8 17. Ndf1 Re7 18. Ne3 Rf7 19. Ng4 Rg8 20. Nh6 Bxh6 21. Qxh6 Rg6 22. Qh3 b6 23. f3 Kb7 24. Nh5 Nf5 25. Bc1 e5 26. dxe5 fxe5 27. Rxe5 Nc6 28. R5e2 Nfd4 29. Qxd7 Nxe2+ 30. Rxe2 Rxd7 31. Be3 d4 32. Bxd4 Nxd4 33. cxd4 Rxd4 34. g4 Kc6 35. h3 Kd7 36. f4 Re6 37. Kf2 Rd3 38. h4 Rh3 39. Rd2+ Ke7 40. Kg2 Rxh4 41. Kg3 Rh1 42. f5 Rd6 43. Re2+ Kf7 44. f6 Rd7 45. Kf4 h6 46. Ke5 Rhd1 47. Rh2 R7d2 48. Rh3 Re2+ 49. Kf5 Rf1+ 0-1

[Event "XLII San Sebastian Open 2019"]
[Site "San Sebastian"]
[Date "2019.04.16"]
[Round "5.9"]
[White "Moreno Estebanez, Patxi"]
[Black "Sanchez Arevalo, Luis"]
[Result "1/2-1/2"]
[ECO "A06"]
[WhiteElo "2153"]
[BlackElo "2020"]
[Annotator "NA"]
[PlyCount "51"]
[EventDate "2019.04.13"]
[EventType "swiss"]
[EventCountry "ESP"]
[SourceTitle "playchess.com"]
[Source "ChessBase"]
[SourceQuality "1"]
[TimeControl "5400+30"]

1. Nf3 d5 2. b3 Nf6 3. Bb2 e6 4. e3 Be7 5. c4 Nbd7 6. Nc3 c6 7. d4 b6 8. Bd3 Bb7 9. O-O O-O 10. Qc2 Rc8 11. e4 dxe4 12. Nxe4 Nxe4 13. Bxe4 Nf6 14. Bd3 c5 15. d5 exd5 16. cxd5 Qxd5 17. Rfe1 Rfe8 18. Rad1 Qc6 19. Bxf6 Bxf6 20. Bxh7+ Kf8 21. Bf5 Rxe1+ 22. Rxe1 Re8 23. Rd1 Rd8 24. Re1 Re8 25. Rd1 Rd8 26. Re1 1/2-1/2

[Event "XLII San Sebastian Open 2019"]
[Site "San Sebastian"]
[Date "2019.04.16"]
[Round "5.10"]
[White "Alfaro Garcia del Cerro, Juan L"]
[Black "Martinez De Soria Gordon, Jose Manuel"]
[Result "1-0"]
[ECO "A40"]
[WhiteElo "2151"]
[BlackElo "1877"]
[Annotator "NA"]
[PlyCount "81"]
[EventDate "2019.04.13"]
[EventType "swiss"]
[EventCountry "ESP"]
[SourceTitle "playchess.com"]
[Source "ChessBase"]
[SourceQuality "1"]
[TimeControl "5400+30"]

1. d4 Nf6 2. c4 e6 3. g3 Bb4+ 4. Bd2 Qe7 5. Bg2 O-O 6. Nf3 Nc6 7. Nc3 d6 8. O-O Bxc3 9. Bxc3 Ne4 10. Qc2 Nxc3 11. Qxc3 Bd7 12. b4 a6 13. a4 Rfb8 14. b5 Nd8 15. Qb4 c5 16. dxc5 dxc5 17. Qc3 f6 18. Bh3 b6 19. Rfd1 Rb7 20. Bg2 Rbb8 21. Bh3 Rb7 22. Rd2 e5 23. Bxd7 Rxd7 24. Rad1 Rxd2 25. Qxd2 Ne6 26. Qd6 Kf7 27. Qxb6 axb5 28. Qc6 Rd8 29. Rxd8 Qxd8 30. axb5 Qd1+ 31. Kg2 Qxe2 32. Qd7+ Kg6 33. Qxe6 e4 34. Ne5+ Kh6 35. Qh3+ Kg5 36. Qh4+ Kf5 37. Qf4+ Ke6 38. Qg4+ Qxg4 39. Nxg4 f5 40. Ne3 g5 41. Kf1 1-0

[Event "XLII San Sebastian Open 2019"]
[Site "San Sebastian"]
[Date "2019.04.16"]
[Round "5.11"]
[White "Iturralde Echeverria, Ivan"]
[Black "Alcazar Jimenez, Victor"]
[Result "0-1"]
[ECO "A39"]
[WhiteElo "1957"]
[BlackElo "2363"]
[Annotator "NA RC"]
[PlyCount "60"]
[EventDate "2019.04.13"]
[EventType "swiss"]
[EventCountry "ESP"]
[SourceTitle "playchess.com"]
[Source "ChessBase"]
[SourceQuality "1"]
[TimeControl "5400+30"]

1. c4 Nf6 2. Nc3 c5 3. g3 g6 4. Bg2 Nc6 5. Nf3 Bg7 6. O-O O-O 7. d4 cxd4 8. Nxd4 a6 9. b3 Nxd4 10. Qxd4 d5 11. Bb2 Ne4 12. Qd3 Nxc3 13. Bxc3 Bf5 14. Qd2 d4 15. Ba5 Qd7 16. Rad1 e5 17. Bd5 h5 18. Qb4 Rab8 19. Bb6 Rfe8 20. e3 Bh3 21. Rfe1 e4 22. exd4 Bg4 23. Qd2 Bf3 24. Re3 Bh6 25. Rxf3 Bxd2 26. Rxf7 Qxd5 27. cxd5 e3 28. fxe3 Bxe3+ 29. Rf2 Rf8 30. Rdf1 Rxf2 0-1

[Event "XLII San Sebastian Open 2019"]
[Site "San Sebastian"]
[Date "2019.04.16"]
[Round "5.12"]
[White "Berdote Alonso, Carlos"]
[Black "Randazzo, Adrian"]
[Result "0-1"]
[ECO "D45"]
[WhiteElo "1879"]
[BlackElo "2248"]
[Annotator "NA"]
[PlyCount "60"]
[EventDate "2019.04.13"]
[EventType "swiss"]
[EventCountry "ESP"]
[SourceTitle "playchess.com"]
[Source "ChessBase"]
[SourceQuality "1"]
[TimeControl "5400+30"]

1. d4 d5 2. c4 e6 3. Nf3 Nf6 4. Nc3 c6 5. e3 Bd6 6. Bd3 dxc4 7. Bxc4 b5 8. Bd3 Nbd7 9. O-O O-O 10. Qc2 Bb7 11. Rd1 Qe7 12. Bd2 a6 13. Rac1 Rac8 14. Qb1 h6 15. a3 c5 16. e4 cxd4 17. Nxd4 Ng4 18. h3 Bh2+ 19. Kf1 Nxf2 20. Kxf2 Qh4+ 21. Kf1 f5 22. Nf3 fxe4 23. Bxe4 Rxf3+ 24. Bxf3 Bxf3 25. gxf3 Qxh3+ 26. Ke2 Qg2+ 27. Ke3 Bf4+ 28. Kxf4 Rf8+ 29. Ke4 Qxf3+ 30. Kd4 e5# 0-1

[Event "XLII San Sebastian Open 2019"]
[Site "San Sebastian"]
[Date "2019.04.17"]
[Round "6.3"]
[White "Del Rio De Angelis, Salvador G."]
[Black "Alfaro Garcia del Cerro, Juan L"]
[Result "1-0"]
[ECO "D86"]
[WhiteElo "2457"]
[BlackElo "2151"]
[Annotator "RC"]
[PlyCount "81"]
[EventDate "2019.04.13"]
[EventType "swiss"]
[EventCountry "ESP"]
[SourceTitle "playchess.com"]
[Source "ChessBase"]
[SourceQuality "1"]
[TimeControl "5400+30"]

1. d4 Nf6 2. c4 g6 3. Nc3 d5 4. cxd5 Nxd5 5. e4 Nxc3 6. bxc3 Bg7 7. Bc4 c5 8. Ne2 Nc6 9. d5 Na5 10. Bd3 e6 11. Bb5+ Bd7 12. Qa4 b6 13. dxe6 fxe6 14. Bh6 Bxh6 15. Rd1 O-O 16. Bxd7 Qe7 17. O-O Rad8 18. f4 Nc4 19. Qxc4 Rxd7 20. e5 Rfd8 21. Rde1 Qf7 22. Ng3 Rd5 23. Ne4 Bg7 24. Nd6 Qd7 25. h4 Bf8 26. Ne4 Be7 27. h5 Rd3 28. Nd6 Rd2 29. hxg6 Bxd6 30. exd6 hxg6 31. f5 b5 32. Qg4 exf5 33. Qxg6+ Qg7 34. Qe6+ Kh8 35. Rf2 R2xd6 36. Qxf5 Qxc3 37. Qh5+ Kg8 38. Re8+ Rxe8 39. Qxe8+ Kh7 40. Qe7+ Qg7 41. Qxd6 1-0

[Event "XLII San Sebastian Open 2019"]
[Site "San Sebastian"]
[Date "2019.04.17"]
[Round "6.5"]
[White "Sanchez Arevalo, Luis"]
[Black "Pulvett Marin, Daniel Eduardo"]
[Result "0-1"]
[ECO "A48"]
[WhiteElo "2020"]
[BlackElo "2468"]
[Annotator "RC"]
[PlyCount "61"]
[EventDate "2019.04.13"]
[EventType "swiss"]
[EventCountry "ESP"]
[SourceTitle "playchess.com"]
[Source "ChessBase"]
[SourceQuality "1"]
[TimeControl "5400+30"]

1. d4 Nf6 2. Nf3 g6 3. Bg5 Bg7 4. c3 O-O 5. Nbd2 d6 6. e4 c5 7. dxc5 dxc5 8. Bc4 Nc6 9. O-O Qc7 10. Qc2 Nh5 11. Rfe1 h6 12. Be3 Na5 13. Bf1 Be6 14. Nb3 Nxb3 15. axb3 Bg4 16. Nd2 a6 17. Be2 Nf6 18. Bxg4 Nxg4 19. Nf1 e6 20. h3 Nf6 21. Qc1 Kh7 22. Bf4 Qc6 23. Qc2 Rad8 24. Rad1 Rxd1 25. Qxd1 Nxe4 26. Qf3 f5 27. Nd2 Qd5 28. Nxe4 fxe4 29. Qxe4 Qxb3 30. Re2 Rxf4 31. Re3 0-1

[Event "XLII San Sebastian Open 2019"]
[Site "San Sebastian"]
[Date "2019.04.18"]
[Round "7.1"]
[White "Del Rio De Angelis, Salvador G."]
[Black "Vazquez Igarza, Renier"]
[Result "1/2-1/2"]
[ECO "E46"]
[WhiteElo "2457"]
[BlackElo "2548"]
[Annotator "ChessBase"]
[PlyCount "114"]
[EventDate "2019.04.13"]
[EventType "swiss"]
[EventCountry "ESP"]
[SourceTitle "playchess.com"]
[Source "ChessBase"]
[SourceQuality "1"]
[TimeControl "5400+30"]

1. d4 Nf6 2. c4 e6 3. Nc3 Bb4 4. e3 O-O 5. Nge2 d5 6. a3 Be7 7. cxd5 exd5 8. Nf4 b6 9. b4 c6 10. Bd3 Ba6 11. O-O Bd6 12. f3 Re8 13. Ra2 Bc4 14. Raf2 a5 15. b5 Bxf4 16. exf4 cxb5 17. Nxb5 Qd7 18. Rb2 Nc6 19. f5 Nb4 20. Bxc4 dxc4 21. Qa4 Nfd5 22. Nc3 Qxa4 23. Nxa4 Nd3 24. Rb5 Rad8 25. Bd2 Re2 26. Rd1 Rde8 27. h4 N5f4 28. Bxf4 Nxf4 29. Re5 b5 30. g3 R2xe5 31. dxe5 Nd3 32. Nb6 Rxe5 33. a4 h5 34. Kf1 Nb2 35. Rd8+ Kh7 36. Nd7 Rxf5 37. axb5 Rxb5 38. g4 hxg4 39. fxg4 Kg6 40. Ke2 a4 41. Kd2 a3 42. Nf8+ Kf6 43. Re8 Rd5+ 44. Kc2 g6 45. Nh7+ Kg7 46. Ng5 Nd3 47. Ra8 Nb4+ 48. Kc3 Nc6 49. Kxc4 Ra5 50. Rxa5 Nxa5+ 51. Kc3 f5 52. gxf5 gxf5 53. Nh3 Kf6 54. Nf4 Ke5 55. Ng6+ Kf6 56. Nf4 Kf7 57. Kc2 Kf6 1/2-1/2

[Event "XLII San Sebastian Open 2019"]
[Site "San Sebastian"]
[Date "2019.04.18"]
[Round "7.2"]
[White "Alshameary Puente, Ismael"]
[Black "Russell, Christopher"]
[Result "1-0"]
[ECO "E47"]
[WhiteElo "2425"]
[BlackElo "2178"]
[Annotator "NA"]
[PlyCount "27"]
[EventDate "2019.04.13"]
[EventType "swiss"]
[EventCountry "ESP"]
[SourceTitle "playchess.com"]
[Source "ChessBase"]
[SourceQuality "1"]
[TimeControl "5400+30"]

1. d4 e6 2. c4 Nf6 3. Nc3 Bb4 4. e3 O-O 5. Bd3 c5 6. Nge2 d5 7. cxd5 cxd4 8. exd4 Nxd5 9. O-O Nc6 10. Nxd5 exd5 11. Nf4 Bd6 12. Qh5 g6 13. Qh6 Ne7 14. Nh5 1-0

[Event "XLII San Sebastian Open 2019"]
[Site "San Sebastian"]
[Date "2019.04.18"]
[Round "7.3"]
[White "Alonso Arburu, Juan Ignacio"]
[Black "Safranska, Anda"]
[Result "1-0"]
[ECO "B06"]
[WhiteElo "2341"]
[BlackElo "2167"]
[Annotator "NA"]
[PlyCount "149"]
[EventDate "2019.04.13"]
[EventType "swiss"]
[EventCountry "ESP"]
[SourceTitle "playchess.com"]
[Source "ChessBase"]
[SourceQuality "1"]
[TimeControl "5400+30"]

1. d4 d6 2. e4 g6 3. Nc3 Bg7 4. Bg5 c6 5. Qd2 Qb6 (5... b5 6. f4 Nd7 7. Nf3 b4 8. Na4 a5 9. a3 Rb8 10. axb4 axb4 11. Bc4 Ngf6 12. e5 Ne4 13. Qe3 d5 14. Bd3 Nxg5 15. Nxg5 e6 {0-1 (38) Savchenko,B (2562)-Maghsoodloo,P (2688) St Petersburg 2018}) 6. O-O-O {[%emt 0:00:36] B06: Modern Defence} a5 7. h3 a4 8. a3 $146 ({Predecessor:} 8. f4 Qa5 9. Nf3 b5 10. Bd3 b4 11. Ne2 Qb6 12. Kb1 Na6 13. e5 {1-0 (38) Walek,M (2314)-Stonawski,I Tatranske Zruby 2000}) 8... Qa5 9. Nf3 Nd7 10. Bc4 b5 11. Ba2 b4 12. Nb1 bxa3 13. Nxa3 Qxd2+ 14. Rxd2 Nb6 15. Re1 Bd7 16. c3 Kf8 17. Be3 d5 18. Ne5 Be8 19. f3 e6 20. Nd3 Nf6 21. Bf4 Nc8 22. g4 h5 23. g5 Ng8 24. Rde2 Nge7 $16 25. Nc5 Kg8 26. Bc7 Ra7 27. Bd8 Bd7 28. Bb1 Kh7 29. Bxe7 Nxe7 30. Bc2 Rha8 31. Bxa4 Rxa4 32. Nxd7 R4a7 33. Nc5 Nc8 34. Nd3 Nb6 35. Nc2 Bf8 36. Ncb4 Rc8 37. Kc2 Kg7 38. Rf1 Be7 39. h4 Bd6 40. b3 Ra5 41. Kb2 Nd7 42. e5 Be7 43. Ra1 Rxa1 44. Kxa1 c5 45. dxc5 Nxc5 46. Kb2 Kf8 47. Re1 Ra8 48. Nc1 Nd7 49. Nc2 Bc5 50. Nd3 Bb6 51. Nd4 Ke7 52. Ra1 Rc8 53. Ra6 Kd8 54. Ra4 Ke7 55. f4 Nc5 56. Nxc5 Bxc5 57. Ra5 Kd7 58. Rb5 Rc7 59. Rb8 Ba7 60. Ra8 Bxd4 61. cxd4 Kc6 62. Ka3 Kb7 63. Rf8 Kc6 64. Kb4 Kb6 65. Rd8 Rb7 66. Rc8 Ra7 67. Re8 Kc6 68. Rd8 Kc7 69. Rd6 Rb7+ 70. Kc3 Ra7 71. f5 exf5 72. Rxd5 Ra1 73. Rd6 Rh1 74. Rf6 Rxh4 75. Rxf7+ 1-0

[Event "XLII San Sebastian Open 2019"]
[Site "San Sebastian"]
[Date "2019.04.18"]
[Round "7.4"]
[White "Pulvett Marin, Daniel Eduardo"]
[Black "Suarez Garcia, Carlos"]
[Result "1-0"]
[ECO "A41"]
[WhiteElo "2468"]
[BlackElo "2424"]
[Annotator "ChessBase"]
[PlyCount "109"]
[EventDate "2019.04.13"]
[EventType "swiss"]
[EventCountry "ESP"]
[SourceTitle "playchess.com"]
[Source "ChessBase"]
[SourceQuality "1"]
[TimeControl "5400+30"]

1. d4 d6 2. Nf3 g6 3. g3 Bg7 4. Bg2 c5 5. O-O cxd4 6. Nxd4 Qb6 7. Nb3 Nf6 8. Nc3 Nc6 9. h3 O-O 10. e4 Be6 11. Re1 Rfe8 12. Nd5 Qd8 13. c3 Rc8 14. f4 Nd7 15. Be3 Na5 16. Bf2 Nc4 17. Rb1 Ndb6 18. g4 Na4 19. Re2 Bd7 20. Bh4 f6 21. Qe1 e6 22. Ne3 Nxe3 23. Rxe3 g5 24. Bg3 gxf4 25. Bxf4 Qb6 26. Kh1 e5 27. Bg3 Be6 28. Bf2 Qc7 29. Nc1 b5 30. a3 Nb6 31. Ne2 Bh6 32. Rf3 Nc4 33. Bh4 Bg5 34. Rxf6 Bxf6 35. Bxf6 Qf7 36. Qh4 Rf8 37. g5 d5 38. Ng3 Nd2 39. Rd1 Nxe4 40. Nxe4 dxe4 41. Bxe4 h5 42. Qg3 Rfe8 43. Qf3 Rf8 44. Rd6 Rce8 45. Kh2 h4 46. Qd3 Bc4 47. Qd1 Re6 48. Rd7 Be2 49. Rxf7 Bxd1 50. Rg7+ Kh8 51. Rh7+ Kg8 52. Rg7+ Kh8 53. Rg6+ Kh7 54. Rh6+ Kg8 55. Bh7+ 1-0